 Dungeon Crawl Stone Soup version 0.31-a0-1025-g2e47921a08 (webtiles) character file.

Game seed: 3810670823427094147

210 Barriton the Firebug (level 5, -5/40 HPs)
             Began as a Draconian Fire Elementalist on Nov 17, 2023.
             Killed from afar by Ijyb (17 damage)
             ... with an iceblast
             ... on level 4 of the Dungeon.
             The game lasted 00:05:10 (3916 turns).

Barriton the Firebug (Draconian Fire Elementalist)  Turns: 3916, Time: 00:05:10

Health: -5/40      AC:  5    Str: 10    XL:     5   Next: 57%
Magic:  10/10      EV: 12    Int: 17    God:
Gold:   93         SH:  0    Dex: 12    Spells: 8/11 levels left

rFire   . . .        e - +0 trident (protect)
rCold   . . .        (no shield)
rNeg    . . .        (body armour unavailable)
rPois   .            (helmet restricted)
rElec   .            (no cloak)
rCorr   .            (no gloves)
SInv    .            (no boots)
Will    .....        g - amulet of magic regeneration
Stlth   ++           (no ring)
HPRegen 0.26/turn    (no ring)
MPRegen 0.52/turn

%: no passive effects
@: no status effects
A: AC +5, unfitting armour, cold-blooded
a: no special abilities


You were on level 4 of the Dungeon.
You visited 1 branch of the dungeon, and saw 4 of its levels.

You collected 93 gold pieces.

Inventory:

Hand Weapons
 e - a +0 trident of protection (weapon)
Jewellery
 g - an amulet of magic regeneration (around neck)
Wands
 b - a wand of acid (9)
Scrolls
 f - a scroll of identify
Potions
 a - a potion of magic
 c - 4 potions of curing
 h - a potion of enlightenment {unknown}


   Skills:
 + Level 1.3 Fighting
 + Level 1.1 Polearms
 + Level 2.3 Dodging
 + Level 1.9 Stealth
 + Level 0.2 Unarmed Combat
 + Level 3.5 Spellcasting
 + Level 1.6 Conjurations
 + Level 4.2 Fire Magic


You had 8 spell levels left.
You knew the following spells:

 Your Spells              Type           Power      Damage    Failure   Level
a - Foxfire               Conj/Fire      52%        2x1d6     4%          1
b - Scorch                Fire           34%        2d6       4%          2

Your spell library contained the following spells:

 Spells                   Type           Power      Damage    Failure   Level
 Inner Flame              Hex/Fire       10%        N/A       21%         3
 Volatile Blastmotes      Fire/Tloc      20%        2d11      21%         3
 Ensorcelled Hibernation  Hex/Ice        6%         N/A       26%         2
 Jinxbite                 Hex            6%         N/A       26%         2
 Flame Wave               Conj/Fire      13%        2d6       43%         4
 Anguish                  Hex/Necr       1%         N/A       86%         4


Dungeon Overview and Level Annotations

Branches:
Dungeon (4/15)
 Temple: D:4-7

Altars:
The Shining One

Shops:
D:2 ![:(

Annotations:
D:4 Ijyb


Innate Abilities, Weirdness & Mutations

Your plain brown scales are hard. (AC +5)
You cannot fit into any form of body armour.
You are cold-blooded and may be slowed by cold attacks.


Message History

Flames lash the sleepcap.
The sleepcap is burned terribly!
The sleepcap is almost destroyed.
You hear a shout!
The sleepcap closely misses you.
Casting: Scorch (safe; 4% risk of failure)
Confirm with . or Enter, or press ? or * to list all spells.
Flames lash the sleepcap.
The sleepcap is burned terribly!
The sleepcap is almost destroyed.
The sleepcap barely misses you.
Casting: Scorch (safe; 4% risk of failure)
Confirm with . or Enter, or press ? or * to list all spells.
Flames lash the sleepcap.
The sleepcap is burned terribly!
You destroy the sleepcap!
Ijyb the Twisted Goblin comes into view.
She is wielding a +0 dagger and carrying a wand of iceblast.
There is a stone staircase leading up here.
You climb upwards.
There is a stone staircase leading down here.
Magic restored.
HP restored.
Done exploring.
You climb downwards.
You hear the hiss of flowing sand.
There is an entrance to an ossuary on this level.
Hurry and find it before the portal is buried!
Level annotation: Ijyb You hear the slow hiss of an avalanche of sand nearby.
There is a stone staircase leading up here.
Ijyb zaps a wand.
The mass of ice explodes!
The iceblast engulfs you!
You hear a shout!
Casting: Scorch (safe; 4% risk of failure)
Confirm with . or Enter, or press ? or * to list all spells.
You can't see any susceptible monsters within range! (Use Z to cast anyway.) Ijyb zaps a wand.
The mass of ice explodes!
The iceblast engulfs you!
* * * LOW HITPOINT WARNING * * *
Casting: Scorch (safe; 4% risk of failure)
Confirm with . or Enter, or press ? or * to list all spells.
You don't know that spell.
A hobgoblin comes into view.
The hobgoblin shouts!
Ijyb zaps a wand.
The mass of ice explodes!
The iceblast engulfs you!
You die...

.. #. ##. # . #..
.# .. #.. ###.#
g..##.. ....#
$....g.####.?..#..
#.....<.......
##.@......#.#.
#..###...# #..##
.#.# .... ..##
..... .## .......
.. .#..... ..
......


You could see Ijyb and a hobgoblin.

Vanquished Creatures
  A bullfrog (D:3)
  A sleepcap (D:4)
  3 adders
  2 dart slugs
  6 orcs (D:3)
  10 ball pythons
  9 endoplasms
  2 giant cockroaches (D:1)
  10 goblins
  11 hobgoblins
  A quokka (D:3)
  2 bats (D:1)
  8 frilled lizards
  5 kobolds
  9 rats
80 creatures vanquished.

Vanquished Creatures (others)
  165 foxfires
165 creatures vanquished.

Grand Total: 245 creatures vanquished

Notes
Turn   | Place    | Note
-------+----------+-------------------------------------------
     0 | D:1      | Barriton the Draconian Fire Elementalist began the quest
                  | for the Orb.
     0 | D:1      | Reached XP level 1. HP: 14/14 MP: 3/3
   116 | D:1      | Reached XP level 2. HP: 20/20 MP: 0/5
   589 | D:1      | Reached XP level 3. HP: 16/27 MP: 2/6
  1388 | D:2      | Learned a level 2 spell: Scorch
  1414 | D:2      | Found Rerchaarch's Book Boutique.
  1575 | D:2      | Found Koeraluu's Weapon Emporium.
  1582 | D:2      | Found a faded altar of an unknown god.
  1688 | D:2      | Found Esenorph's Armour Shoppe.
  2162 | D:2      | Reached skill level 1 in Fighting
  2162 | D:2      | Reached XP level 4. HP: 35/35 MP: 0/7
  2330 | D:2      | Found Tanui's Distillery.
  2515 | D:3      | Reached skill level 4 in Fire Magic
  2631 | D:3      | Found a glowing golden altar of the Shining One.
  2932 | D:3      | Noticed a bullfrog
  2937 | D:3      | Killed a bullfrog
  2938 | D:3      | Reached skill level 1 in Polearms
  2938 | D:3      | Reached XP level 5. HP: 40/40 MP: 3/9
  3836 | D:4      | Noticed Ijyb
  3916 | D:4      | Killed from afar by Ijyb

Illustrated notes

Levels and vault maps discovered:
D:1:      minmay_arrival_four_circles, layout_rooms
D:2:      minmay_wonky_spiral, layout_basic, serial_shops, shop, shop,
          nicolae_shop_bloodbath_and_beyond, nicolae_square_shop,
          hellmonk_ecumenical_altar_run_dry
D:3:      layout_loops_corners, mainiacjoe_overflow_chevrons
D:4:      layout_cave_pools, temple_pool_b, enter_ossuary_5,
          serial_library_hellmonk_filled_rooms, kennysheep_minor_cross,
          minmay_misc_feat_five, minmay_rat_hole, uniq_ijyb

Skill      XL: |  1  2  3  4 |
---------------+-------------+-----
Dodging        | 2 |  2.3
Fighting       | 1 |  1.3
Fire Magic     | 4 |  4.2
Polearms       | 1 |  1.1
Spellcasting   | 3 |  3.5
Stealth        | |  1.9
Unarmed Combat | |  0.2
Conjurations   | |  1.6

Action                     |  1- 3 |  4- 6 || total
---------------------------+-------+-------++-------
  Melee: Unarmed           |    32 |       ||    32
         Tailslap          |     5 |     1 ||     6
         Trident           |    13 |    22 ||    35
         Punch             |       |     1 ||     1
   Cast: Foxfire           |    85 |    26 ||   111
         Scorch            |    10 |    20 ||    30
    Use: Scroll            |     2 |     4 ||     6
 Armour: Skin              |    34 |    18 ||    52
  Dodge: Dodged            |    30 |    19 ||    49

Table legend: (Time is in decaauts)
 A = Elapsed time spent in this place.
 B = Non-inter-level travel time spent in this place.
 C = Inter-level travel time spent in this place.
 D = Time resting spent in this place.
 E = Time spent auto-exploring this place.
 F = Levels seen in this place.
 G = Mean time per level.
                   A        B        C        D        E       F      G
               +--------+--------+--------+--------+--------+-----+--------+
         Total |   3928 |   3890 |     38 |      0 |   3388 |   4 |  982.0 |
       Dungeon |   3928 |   3890 |     38 |      0 |   3388 |   4 |  982.0 |
               +--------+--------+--------+--------+--------+-----+--------+

Top non-repeatable levels by time:
     D:2: 1493 daAuts
     D:3: 1437 daAuts
     D:1: 974 daAuts
     D:4: 23 daAuts
